 Dungeon Crawl Stone Soup version 0.30.1-11-g7821555f0a (webtiles) character file.

Game seed: 3376526137023599661

40 comborobin the Sneak (level 3, 0/29 HPs)
             Began as a Formicid Delver on Dec 16, 2023.
             Slain by Natasha (2 damage)
             ... on level 2 of the Dungeon.
             The game lasted 00:01:34 (678 turns).

comborobin the Sneak (Formicid Delver)               Turns: 678, Time: 00:01:35

Health: 0/29       AC:  5    Str: 17 (18) XL:     3   Next: 72%
Magic:  3/3        EV: 11    Int:  8 (9)  God:
Gold:   62         SH:  0    Dex: 13 (15) Spells: 2/2 levels left

rFire   . . .        a - +0 mace
rCold   . . .        (no shield)
rNeg    . . .        g - +0 ring mail
rPois   .            (helmet unavailable)
rElec   .            (no cloak)
rCorr   .            (no gloves)
SInv    +            (no boots)
Will    .....        i - amulet of regeneration
Stlth   ++           (no ring)
HPRegen 1.04/turn    (no ring)
MPRegen 0.08/turn

%: no passive effects
@: no status effects
A: permanent stasis, dig shafts and tunnels, antennae 3, four strong arms
a: Dig, Shaft Self


You were on level 2 of the Dungeon.
You visited 1 branch of the dungeon, and saw 4 of its levels.

You collected 62 gold pieces.

Inventory:

Hand Weapons
 a - a +0 mace (weapon)
Armour
 b - a +0 leather armour
 g - a +0 ring mail (worn)
Jewellery
 i - an amulet of regeneration (around neck)
 k - a ring of poison resistance
Wands
 f - a wand of digging (3)
Scrolls
 c - a scroll of fog
 d - 2 scrolls of magic mapping
 j - a scroll of identify
Potions
 e - a potion of haste
 h - a potion of berserk rage


   Skills:
 - Level 3.2 Fighting
 + Level 3.8 Maces & Flails
 - Level 1.7 Dodging
 - Level 6.0 Stealth


You had 2 spell levels left.
You didn't know any spells.
Your spell library contained the following spells:

 Spells                   Type           Power      Damage    Failure   Level
 Summon Forest            Summ/Tloc      0%         N/A       100%        5
 Summon Mana Viper        Hex/Summ       0%         N/A       100%        5
 Summon Cactus Giant      Summ           0%         N/A       100%        6


Dungeon Overview and Level Annotations

Branches:
Dungeon (5/15)
 Temple: D:4-7

Altars:

Shops:
D:2 (*

Annotations:
D:2 Natasha
D:3 Terence


Innate Abilities, Weirdness & Mutations

You cannot be hasted, slowed, berserked, paralysed or teleported.
You can dig through walls and to a lower floor.
You have a pair of large antennae on your head. (SInv)
Your four strong arms can wield two-handed weapons with a shield.


Message History

The cerulean imp hits you but does no damage.
Natasha mumbles some strange words.
You barely miss Natasha.
Natasha is almost dead.
The cerulean imp hits you from afar with a +1 spear.
Natasha growls.
Natasha casts a spell at you.
Your stasis prevents you from being slowed.
The cerulean imp hits you with a +0 spear.
* * * LOW HITPOINT WARNING * * *
Press: ? - help, v - describe, . - travel
Here: a cerulean imp, wielding a +0 spear (summoned)
The floor.
Unknown command.
It was a potion of berserk rage.
Your stasis prevents you from going berserk.
The cerulean imp hits you from afar with a +1 spear.
* * * LOW HITPOINT WARNING * * *
Natasha closely misses you. The cerulean imp barely misses you.
The cerulean imp barely misses you. Natasha claws you.
Keep disrobing? [Y]es or [N]o only, please.
Keep disrobing? [Y]es or [N]o only, please.
Keep disrobing? [Y]es or [N]o only, please.
Keep disrobing? [Y]es or [N]o only, please.
Keep disrobing?
You stop removing your amulet.
* * * LOW HITPOINT WARNING * * *
The cerulean imp closely misses you.
Okay, then.
Okay, then.
You hit Natasha but do no damage.
Natasha is almost dead.
The cerulean imp hits you from afar with a +1 spear.
* * * LOW HITPOINT WARNING * * *
Natasha claws you.
You die...

# # .. .#...
#####.....
#########......#
#...5h@5$.....#.###
#.########.#####.#.
#.# #..# #.# #..#
#.# #..## #.# #...#
##.#####...#
#.8.<.∩.8†.#
#......#...#


You could see Natasha and 2 cerulean imps.

Vanquished Creatures
  Robin (D:3)
  2 dart slugs (D:2)
  A ball python (D:2)
  A bat (D:2)
  6 goblins
  3 hobgoblins (D:3)
  4 jackals (D:3)
  A quokka (D:2)
  2 rats
21 creatures vanquished.

Notes
Turn   | Place    | Note
-------+----------+-------------------------------------------
     0 | D:5      | comborobin the Formicid Delver began the quest for the Orb.
     0 | D:5      | Reached XP level 1. HP: 18/18 MP: 1/1
    51 | D:3      | Noticed Terence
    61 | D:3      | Noticed Robin
    79 | D:3      | Killed Robin
    80 | D:3      | Reached XP level 2. HP: 16/23 MP: 2/2
    87 | D:3      | Reached XP level 3. HP: 13/29 MP: 3/3
   423 | D:2      | Found Dyhitow's Assorted Antiques.
   623 | D:2      | Found Wevvaj's Antique Weapon Boutique.
   665 | D:2      | Noticed Natasha
   677 | D:2      | HP: 1/29 [Natasha (4)]
   678 | D:2      | Slain by Natasha

Illustrated notes

Levels and vault maps discovered:
D:2:      layout_loops_ring, serial_rivers, chequers_serial_rivers_marsh,
          chequers_serial_rivers_micro_c, chequers_serial_rivers_small_b,
          chequers_serial_rivers_large_b, serial_shops, nicolae_shop_peninsula,
          shop_statue, minmay_split_cup_large, uniq_natasha
D:3:      layout_rooms, kennysheep_okawaru_gauntlet, trog_wizard, uniq_terence,
          uniq_jessica, uniq_robin
D:4:      layout_loops_ring, temple_pool_b, minmay_liquid_box
D:5:      layout_loops_corners, nicolae_ashenzari_skybound,
          grunt_dithmenos_shadows, makhleb_blood_cavern_becter,
          gammafunk_ghost_abyssal_escape

Skill      XL: |  1 |
---------------+----+-----
Maces & Flails | 3 |  3.8
Fighting       | |  3.2
Dodging        | |  1.7
Stealth        | |  6.0

Action                     || total
---------------------------++-------
  Melee: Mace              ||    74
Ability: Dig               ||     1
    Use: Potion            ||     3
         Scroll            ||     2
   Stab: Invisible         ||     4
         Sleeping          ||     2
 Armour: Ring mail         ||    20
  Dodge: Dodged            ||    63
